| TOP OF THE 1ST |
|
Rochester Red Wings batting - Pitching for Toledo Mud Hens : RHP James Moyer
|
|
Pitching: RHP James Moyer
|
|
|
Batting: RHB Johnnie LeMaster
|
0-0: Bunt missed! 0-1: Ball 1-1: Ball 2-1: Ground out 4-3 (Groundball, 4, EV 96.3 MPH)
|
|
Batting: LHB Ed Amelung
|
0-0: Ball 1-0: Ball 2-0: Swinging Strike 2-1: Swinging Strike 2-2: Ball 3-2: Foul Ball, location: 2F 3-2: Base on Balls
|
|
Batting: SHB Jordan Ayala
|
0-0: Ball 1-0: Fielders Choice at 2nd, 6-4 (Groundball, 6, EV 86.9 MPH)
|
|
Batting: RHB Gerry Davis
|
0-0: Ball 1-0: Ball Jordan Ayala steals 2nd base (no throw) 2-0: Called Strike 2-1: Fly out, F8 (Flyball, 89XD, EV 93.8 MPH)
|
| Top of the 1st over - 0 runs, 0 hits, 0 errors, 1 left on base; Rochester 0 - Toledo 0 |
| BOTTOM OF THE 1ST |
|
Toledo Mud Hens batting - Pitching for Rochester Red Wings : RHP Dave J Schmidt
|
|
Pitching: RHP Dave J Schmidt
|
|
|
Batting: RHB Joey McEndree
|
0-0: Ball 1-0: Called Strike 1-1: Called Strike 1-2: Strikes out swinging
|
|
Batting: LHB Ron Diggle
|
0-0: Ball 1-0: Called Strike 1-1: Ground out 5-3 (Groundball, 25, EV 90.6 MPH)
|
|
Batting: SHB Ken Henderson
|
0-0: Ball 1-0: Foul Ball, location: 2F 1-1: SINGLE (Line Drive, 8LS, EV 106.9 MPH)
|
|
Batting: RHB John Guarino
|
0-0: Called Strike 0-1: Ball 1-1: Foul Ball, location: 2F 1-2: Strikes out looking
|
| Bottom of the 1st over - 0 runs, 1 hit, 0 errors, 1 left on base; Rochester 0 - Toledo 0 |
| TOP OF THE 2ND |
|
Rochester Red Wings batting - Pitching for Toledo Mud Hens : RHP James Moyer
|
|
Batting: RHB Joe Carter
|
0-0: Foul Ball, location: 2F 0-1: Ball 1-1: SINGLE (Groundball, 5S, EV 70.6 MPH) (infield hit)
|
|
Batting: RHB Chris Johnston
|
0-0: Ball 1-0: Foul Ball, location: 2F 1-1: Called Strike Joe Carter is caught stealing 2nd base 2-4 1-2: Foul Ball, location: 2F 1-2: Ball 2-2: Ball 3-2: Foul Ball, location: 2F 3-2: Fly out, F8 (Flyball, 8LD, EV 91.9 MPH)
|
|
Batting: RHB Tom Brookens
|
0-0: Called Strike 0-1: Ball 1-1: Ball 2-1: Ball 3-1: Fly out, F7 (Flyball, 7S, EV 85.0 MPH)
|
| Top of the 2nd over - 0 runs, 1 hit, 0 errors, 0 left on base; Rochester 0 - Toledo 0 |
| BOTTOM OF THE 2ND |
|
Toledo Mud Hens batting - Pitching for Rochester Red Wings : RHP Dave J Schmidt
|
|
Batting: RHB Milt Jefferson
|
0-0: Ground out 5-3 (Groundball, 5, EV 106.3 MPH)
|
|
Batting: RHB Don Lyle
|
0-0: Ball 1-0: Called Strike 1-1: Ground out 5-3 (Groundball, 5, EV 89.4 MPH)
|
|
Batting: RHB Dennis Odom
|
0-0: Called Strike 0-1: Foul Ball, location: 2F 0-2: Ground out 5-3 (Groundball, 56, EV 105.6 MPH)
|
| Bottom of the 2nd over - 0 runs, 0 hits, 0 errors, 0 left on base; Rochester 0 - Toledo 0 |
| TOP OF THE 3RD |
|
Rochester Red Wings batting - Pitching for Toledo Mud Hens : RHP James Moyer
|
|
Batting: RHB Jerry Dybzinski
|
0-0: Called Strike 0-1: Ball 1-1: Ball 2-1: SINGLE (Groundball, 4MD, EV 97.5 MPH)
|
|
Batting: RHB Edwin Agudelo
|
0-0: Ball Jerry Dybzinski steals 2nd base 1-0: Ball 2-0: Ball 3-0: Called Strike 3-1: Ground out 5-3 (Groundball, 5, EV 78.8 MPH)
|
|
Batting: RHB Johnnie LeMaster
|
0-0: Ball 1-0: Called Strike 1-1: SINGLE (Line Drive, 7S, EV 95.0 MPH) Jerry Dybzinski to third Runner from 3rd tries for Home, throw by LF and OUT! 7-2
|
|
Batting: LHB Ed Amelung
|
0-0: Ground out U3 (Groundball, 3L, EV 96.3 MPH)
|
| Top of the 3rd over - 0 runs, 2 hits, 0 errors, 1 left on base; Rochester 0 - Toledo 0 |
| BOTTOM OF THE 3RD |
|
Toledo Mud Hens batting - Pitching for Rochester Red Wings : RHP Dave J Schmidt
|
|
Batting: LHB George LaCoe
|
0-0: Ball 1-0: Ball 2-0: Called Strike 2-1: Foul Ball, location: 2F 2-2: Ball 3-2: Ground out 5-3 (Groundball, 56, EV 88.1 MPH)
|
|
Batting: RHB Larry Patterson
|
0-0: Foul Ball, location: 2F 0-1: Ball 1-1: Ground out U3 (Groundball, 3S, EV 87.5 MPH)
|
|
Batting: RHB Joey McEndree
|
0-0: Fly out, F7 (Flyball, 7LM, EV 80.0 MPH)
|
| Bottom of the 3rd over - 0 runs, 0 hits, 0 errors, 0 left on base; Rochester 0 - Toledo 0 |
| TOP OF THE 4TH |
|
Rochester Red Wings batting - Pitching for Toledo Mud Hens : RHP James Moyer
|
|
Batting: SHB Jordan Ayala
|
0-0: Ball 1-0: Called Strike 1-1: Foul Ball, location: 2F 1-2: Ball 2-2: Ball 3-2: Foul Ball, location: 2F 3-2: SINGLE (Groundball, 6MD, EV 95.0 MPH)
|
|
Batting: RHB Gerry Davis
|
0-0: Ball Jordan Ayala is caught stealing 2nd base 2-4 1-0: Foul Ball, location: 2F 1-1: Ball 2-1: Ball 3-1: Foul Ball, location: 2F 3-2: Base on Balls
|
|
Batting: RHB Joe Carter
|
0-0: Called Strike Gerry Davis steals 2nd base 0-1: Ball 1-1: Fly out, F8 (Line Drive, 8RM, EV 89.4 MPH)
|
|
Batting: RHB Chris Johnston
|
0-0: Foul Ball, location: 2F 0-1: Ground out 4-3 (Groundball, 34, EV 88.1 MPH)
|
| Top of the 4th over - 0 runs, 1 hit, 0 errors, 1 left on base; Rochester 0 - Toledo 0 |
| BOTTOM OF THE 4TH |
|
Toledo Mud Hens batting - Pitching for Rochester Red Wings : RHP Dave J Schmidt
|
|
Batting: LHB Ron Diggle
|
0-0: Ball 1-0: Fly out, F8 (Flyball, 8LXD, EV 96.3 MPH)
|
|
Batting: SHB Ken Henderson
|
0-0: Ball 1-0: Foul Ball, location: 2F 1-1: Foul Ball, location: 2F 1-2: SINGLE (Line Drive, 8LS, EV 100.6 MPH)
|
|
Batting: RHB John Guarino
|
0-0: Grounds into double play, 5-4-3 (Groundball, 56, EV 99.4 MPH)
|
| Bottom of the 4th over - 0 runs, 1 hit, 0 errors, 0 left on base; Rochester 0 - Toledo 0 |
| TOP OF THE 5TH |
|
Rochester Red Wings batting - Pitching for Toledo Mud Hens : RHP James Moyer
|
|
Batting: RHB Tom Brookens
|
0-0: Ball 1-0: Ball 2-0: Called Strike 2-1: Ground out 6-3 (Groundball, 6, EV 83.1 MPH)
|
|
Batting: RHB Jerry Dybzinski
|
0-0: Foul Ball, location: 2F 0-1: Foul Ball, location: 2F 0-2: Ball 1-2: Ball 2-2: Foul Ball, location: 2F 2-2: Ball 3-2: Reached on error, E4 (Groundball, 4S, EV 71.3 MPH)
|
|
Batting: RHB Edwin Agudelo
|
0-0: Called Strike 0-1: Ground out 4-3 (Groundball, 4, EV 83.1 MPH) Jerry Dybzinski to third
|
|
Batting: RHB Johnnie LeMaster
|
0-0: Swinging Strike 0-1: Ball 1-1: Ball 2-1: Ball 3-1: Called Strike 3-2: Base on Balls
|
|
Batting: LHB Ed Amelung
|
0-0: Called Strike 0-1: Swinging Strike 0-2: Ball 1-2: Ball 2-2: Ball Johnnie LeMaster steals 2nd base 3-2: Base on Balls
|
|
Batting: SHB Jordan Ayala
|
0-0: Ball 1-0: Ball 2-0: Foul Ball, location: 2F 2-1: Called Strike 2-2: Foul Ball, location: 2F 2-2: Ground out 5-3 (Groundball, 56, EV 100.0 MPH)
|
| Top of the 5th over - 0 runs, 0 hits, 1 error, 3 left on base; Rochester 0 - Toledo 0 |
| BOTTOM OF THE 5TH |
|
Toledo Mud Hens batting - Pitching for Rochester Red Wings : RHP Dave J Schmidt
|
|
Batting: RHB Milt Jefferson
|
0-0: Foul Ball, location: 2F 0-1: Ball 1-1: Foul Ball, location: 2F 1-2: Ball 2-2: Ball 3-2: Foul Ball, location: 2F 3-2: Fly out, F8 (Flyball, 78M, EV 92.5 MPH)
|
|
Batting: RHB Don Lyle
|
0-0: Called Strike 0-1: Foul Ball, location: 2F 0-2: Ball 1-2: SINGLE (Groundball, 56, EV 100.6 MPH)
|
|
Batting: RHB Dennis Odom
|
0-0: Ball 1-0: Ground out 4-3 (Groundball, 34, EV 103.1 MPH) Don Lyle to second
|
|
Batting: LHB George LaCoe
|
0-0: Called Strike 0-1: Fly out, F9 (Flyball, 9LM, EV 95.6 MPH)
|
| Bottom of the 5th over - 0 runs, 1 hit, 0 errors, 1 left on base; Rochester 0 - Toledo 0 |
| TOP OF THE 6TH |
|
Rochester Red Wings batting - Pitching for Toledo Mud Hens : RHP James Moyer
|
|
Batting: RHB Gerry Davis
|
0-0: Ball 1-0: Fly out, F9 (Flyball, 9, EV 88.1 MPH)
|
|
Batting: RHB Joe Carter
|
0-0: Ball 1-0: SINGLE (Line Drive, 5D, EV 95.6 MPH)
|
|
Batting: RHB Chris Johnston
|
0-0: Ball Joe Carter is caught stealing 2nd base 2-4 1-0: Ball 2-0: Ball 3-0: Called Strike 3-1: Swinging Strike 3-2: Fly out, F5 (Popup, 5SF, EV 75.0 MPH)
|
| Top of the 6th over - 0 runs, 1 hit, 0 errors, 0 left on base; Rochester 0 - Toledo 0 |
| BOTTOM OF THE 6TH |
|
Toledo Mud Hens batting - Pitching for Rochester Red Wings : RHP Dave J Schmidt
|
|
Batting: RHB Larry Patterson
|
0-0: Ground out 5-3 (Groundball, 56, EV 82.5 MPH)
|
|
Batting: RHB Joey McEndree
|
0-0: Called Strike 0-1: Ball 1-1: Foul Ball, location: 2F 1-2: SINGLE (Groundball, 4MD, EV 102.5 MPH)
|
|
Batting: LHB Ron Diggle
|
0-0: Swinging Strike 0-1: SINGLE (Line Drive, 78S, EV 95.0 MPH) Joey McEndree to second
|
|
Batting: SHB Ken Henderson
|
0-0: Called Strike Joey McEndree steals 3rd, throwing error, E2 Joey McEndree scores Ron Diggle to third 0-1: Called Strike 0-2: Ball 1-2: Foul Ball, location: 2F 1-2: Foul Ball, location: 2F 1-2: Foul Ball, location: 2F 1-2: Ball 2-2: Ball 3-2: Base on Balls
|
|
Batting: RHB John Guarino
|
0-0: Ball 1-0: Ball 2-0: Ball 3-0: Base on Balls Ken Henderson to second
|
|
Batting: RHB Milt Jefferson
|
0-0: Foul Ball, location: 2F 0-1: Ball 1-1: Swinging Strike 1-2: Strikes out swinging
|
|
Batting: RHB Don Lyle
|
0-0: Fielders Choice at 2nd, 6-4 (Groundball, 6, EV 84.4 MPH)
|
| Bottom of the 6th over - 1 run, 2 hits, 1 error, 3 left on base; Rochester 0 - Toledo 1 |
| TOP OF THE 7TH |
|
Rochester Red Wings batting - Pitching for Toledo Mud Hens : RHP James Moyer
|
|
Batting: RHB Tom Brookens
|
0-0: Called Strike 0-1: Ground out 4-3 (Groundball, 4S, EV 83.1 MPH)
|
|
Batting: RHB Jerry Dybzinski
|
0-0: Ball 1-0: Ball 2-0: Called Strike 2-1: Ball 3-1: SINGLE (Flyball, 4D, EV 89.4 MPH)
|
|
Batting: RHB Edwin Agudelo
|
0-0: Ball 1-0: Called Strike Jerry Dybzinski is caught stealing 2nd base 2-4 1-1: Ball 2-1: Called Strike 2-2: Ground out 6-3 (Groundball, 6, EV 84.4 MPH)
|
| Top of the 7th over - 0 runs, 1 hit, 0 errors, 0 left on base; Rochester 0 - Toledo 1 |
| BOTTOM OF THE 7TH |
|
Toledo Mud Hens batting - Pitching for Rochester Red Wings : RHP Dave J Schmidt
|
|
Batting: RHB Dennis Odom
|
0-0: Foul Ball, location: 2F 0-1: Ball 1-1: Foul Ball, location: 2F 1-2: Fly out, F4 (Popup, 34S, EV 81.9 MPH)
|
|
Batting: LHB George LaCoe
|
0-0: Foul Ball, location: 2F 0-1: Ground out U3 (Groundball, 3, EV 86.3 MPH)
|
|
Batting: RHB Larry Patterson
|
0-0: Called Strike 0-1: Ball 1-1: Ball 2-1: Ball 3-1: Base on Balls
|
|
Batting: RHB Joey McEndree
|
0-0: Ball 1-0: Swinging Strike 1-1: Ground out 4-3 (Groundball, 34, EV 85.0 MPH)
|
| Bottom of the 7th over - 0 runs, 0 hits, 0 errors, 1 left on base; Rochester 0 - Toledo 1 |
| TOP OF THE 8TH |
|
Rochester Red Wings batting - Pitching for Toledo Mud Hens : RHP James Moyer
|
|
Batting: RHB Johnnie LeMaster
|
0-0: Ball 1-0: Called Strike 1-1: Ground out 4-3 (Groundball, 34, EV 102.5 MPH)
|
|
Batting: LHB Ed Amelung
|
0-0: Ball 1-0: Ball 2-0: Called Strike 2-1: Ground out 1-4-3 (Groundball, 15S, EV 100.6 MPH)
|
|
Batting: SHB Jordan Ayala
|
0-0: Fly out, F9 (Flyball, 89D, EV 80.0 MPH)
|
| Top of the 8th over - 0 runs, 0 hits, 0 errors, 0 left on base; Rochester 0 - Toledo 1 |
| BOTTOM OF THE 8TH |
|
Toledo Mud Hens batting - Pitching for Rochester Red Wings : RHP Dave J Schmidt
|
|
Batting: LHB Ron Diggle
|
0-0: Swinging Strike 0-1: Ball 1-1: DOUBLE (Line Drive, 78D, EV 99.4 MPH)
|
|
Batting: SHB Ken Henderson
|
0-0: Ball 1-0: Ball 2-0: Swinging Strike 2-1: SINGLE (Flyball, 8LS, EV 96.3 MPH) Ron Diggle to third
|
|
Batting: RHB John Guarino
|
0-0: SINGLE (Groundball, 6MD, EV 100.6 MPH) Ron Diggle scores Ken Henderson to second Runner from 2nd tries for 3rd, SAFE, no throw by CF
|
|
Batting: RHB Milt Jefferson
|
0-0: Ball 1-0: Fly out, F8 (Flyball, 8RS, EV 93.8 MPH)
|
|
Batting: RHB Don Lyle
|
0-0: Ball 1-0: Ball 2-0: Foul Ball, location: 2F 2-1: Ground out 5-3 (Groundball, 56S, EV 84.4 MPH) John Guarino to second
|
|
Batting: RHB Dennis Odom
|
0-0: Ball 1-0: SINGLE (Groundball, 56D, EV 103.1 MPH) Ken Henderson scores John Guarino to third Runner from 3rd tries for Home, SAFE, throw by LF to home
|
|
Batting: LHB George LaCoe
|
0-0: Called Strike 0-1: Called Strike 0-2: Ball 1-2: Fielders Choice at 2nd, 6-4 (Groundball, 6, EV 88.1 MPH)
|
| Bottom of the 8th over - 3 runs, 4 hits, 0 errors, 1 left on base; Rochester 0 - Toledo 4 |
| TOP OF THE 9TH |
|
Rochester Red Wings batting - Pitching for Toledo Mud Hens : RHP James Moyer
|
|
Batting: RHB Gerry Davis
|
0-0: Called Strike 0-1: SINGLE (Flyball, 8LS, EV 88.8 MPH)
|
|
Batting: RHB Joe Carter
|
0-0: Ball 1-0: Foul Ball, location: 2F 1-1: Ball 2-1: Ball 3-1: Swinging Strike 3-2: Strikes out looking
|
|
Batting: RHB Chris Johnston
|
0-0: Called Strike 0-1: Grounds into double play, 4-6-3 (Groundball, 4, EV 86.3 MPH)
|
| Top of the 9th over - 0 runs, 1 hit, 0 errors, 0 left on base; Rochester 0 - Toledo 4 |
|